 Dungeon Crawl Stone Soup version 0.22-a0-161-g198051c (webtiles) character file.

7903 vishdafish the Grappler (level 11, -4/105 HPs)
             Began as a Troll Berserker on Feb 11, 2018.
             Was a High Priest of Trog.
             Slain by a killer bee (5 damage)
             ... on level 10 of the Dungeon.
             The game lasted 00:23:28 (8549 turns).

vishdafish the Grappler (Troll Berserker)           Turns: 8549, Time: 00:23:28

Health: -4/105     AC:  5    Str: 27    XL:     11   Next: 2%
Magic:  22/22      EV: 12    Int:  4    God:    Trog [*****.]
Gold:   560        SH:  0    Dex: 11    Spells: 10/10 levels left

rFire    . . .     SeeInvis .     - Unarmed
rCold    + . .     Gourm    +   (no shield)
rNeg     . . .     Faith    .   a - +0 animal skin
rPois    .         Spirit   .   (helmet restricted)
rElec    .         Reflect  .   (no cloak)
rCorr    .         Harm     .   (gloves unavailable)
MR       .....                  (boots unavailable)
Stlth    +.........             (no amulet)
HPRegen  0.67/turn              l - ring of magical power
MPRegen  0.18/turn              E - ring of protection from cold

@: lethally poisoned (-4 -> -7), berserk cooldown, very slightly contaminated,
slowed, invisible, very slow
A: large, unfitting armour, claws 3, fast metabolism 3, gourmand, regeneration
1, shaggy fur 1, tough skin 2
a: Berserk, Trog's Hand, Brothers in Arms, Burn Spellbooks, Renounce Religion


You were on level 10 of the Dungeon.
You worshipped Trog.
Trog was extremely pleased with you.
You were very hungry.

You visited 1 branch of the dungeon, and saw 10 of its levels.

You collected 560 gold pieces.

Inventory:

Hand Weapons
 m - a +0 whip of electrocution
Armour
 a - a +0 animal skin (worn)
 q - a +0 shield
Jewellery
 l - a ring of magical power (left claw)
 E - a ring of protection from cold (right claw)
Wands
 n - a wand of polymorph (9)
 u - a wand of scattershot (5)
 v - a wand of random effects (34)
 D - a wand of flame (54)
Scrolls
 c - 3 scrolls of remove curse
 e - 5 scrolls of enchant armour
 i - 4 scrolls of magic mapping
 o - 3 scrolls of fear
 r - 4 scrolls of teleportation
 t - 2 scrolls of noise {unknown}
 y - a scroll of amnesia {unknown}
 z - a scroll of blinking {unknown}
 F - a scroll of immolation {unknown}
Potions
 f - a potion of invisibility
 g - a potion of might
 k - 2 potions of agility
 p - 2 potions of cancellation
 s - 2 potions of curing
 w - 4 potions of brilliance
 x - a potion of haste
 A - a potion of mutation {unknown}
 B - a potion of berserk rage {unknown}
 G - 2 potions of magic {unknown}
Books
 j - a book of Cantrips

   Spells                             Type                      Level
   a - Confusing Touch                Hexes                        1
   b - Animate Skeleton               Necromancy                   1
   c - Summon Small Mammal            Summoning                    1
   d - Apportation                    Translocation                1
   Trog disapproves of the use of such an item.
 C - a book of Geomancy

   Spells                             Type                      Level
   a - Sandblast                      Earth                        1
   b - Passwall                       Transmutation/Earth          2
   c - Stone Arrow                    Conjuration/Earth            3
   d - Petrify                        Transmutation/Earth          4
   e - Lee's Rapid Deconstruction     Earth                        5
   Trog disapproves of the use of such an item.
Miscellaneous
 H - a phantom mirror
Comestibles
 b - 8 rations


   Skills:
 * Level 5.9 Fighting
 * Level 6.2 Throwing
 * Level 5.8 Dodging
 - Level 5.3 Shields
 + Level 9.2 Unarmed Combat
 - Level 5.0 Evocations


You had 10 spell levels left.
You didn't know any spells.

Dungeon Overview and Level Annotations

Branches:
Dungeon (10/15)            Temple (0/1) D:7
   Lair: D:8-11         Orc: D:9-12

Altars:
Ashenzari
Makhleb
Ru
Yredelemnul
The Shining One

Annotations:
D:10 ThereIsNoGod's ghost, journeyman SpVM


Innate Abilities, Weirdness & Mutations

You are too large for most types of armour.
You have claws for hands.
Your metabolism is lightning-fast.
You like to eat raw meat.
Your natural rate of healing is unusually fast.
You are covered in fur. (AC +1)
You have very tough skin. (AC +2)


Message History

The killer bee closely misses you.
Evoke which item? (* to show all) (? for menu, Esc to quit)
Okay, then.
Okay, then.
You catch the helpless killer bee completely off-guard!
You claw the killer bee!
You kill the killer bee!
Trog accepts your kill.
You feel sick. The killer bee closely misses you.
The killer bee barely misses you. The killer bee stings you.
* * * LOW HITPOINT WARNING * * *
The killer bee misses you. The killer bee stings you!
* * * LOW HITPOINT WARNING * * *
You are lethally poisoned!
The killer bee poisons you!
* * * LOW HITPOINT WARNING * * *
You feel sick. The killer bee closely misses you. The killer bee misses you.
The killer bee closely misses you. The killer bee barely misses you.
The killer bee stings you.
You die...

######### ### ........#
####### #..
........####.....### #..
........#.@yyy...'.## #..
........'y##.....#..### #..
........####.....##...###..
.........# ###'######...'..
##..##+#.# #.## #####.. ...
.. #..## #.. .. ... ##..#
### #..# ##.# # ..# #.# #


You could see 4 killer bees.

Vanquished Creatures
  A two-headed ogre (D:7)
  An ugly thing (D:6)
  The ghost of vishdafish the Ruffian, a novice TrBe of Trog (D:4)
  A queen bee (D:10)
  2 hippogriffs
  2 hungry ghosts (D:9)
  Grum (D:8)
  A steam dragon (D:9)
  2 water moccasins (D:9)
  2 black bears
  A sky beast (D:9)
  4 ice beasts
  3 orc warriors
  4 necrophages
  2 eyes of draining
  2 wolves (D:8)
  2 phantoms
  An ogre (D:9)
  A centaur (D:9)
  A big kobold (D:7)
  5 bullfrogs
  2 elf zombies (D:8)
  A water moccasin zombie (D:5)
  10 scorpions
  10 killer bees (D:10)
  3 wights (D:6)
  3 howler monkeys
  4 crimson imps
  A bullfrog zombie (D:8)
  3 jellies
  A centaur zombie (D:7)
  2 hounds
  6 human zombies (D:8)
  7 orc priests
  8 orc wizards
  A bullfrog skeleton (D:6)
  A centaur skeleton (D:9)
  3 iguanas
  7 worker ants
  A killer bee zombie (D:10)
  2 howler monkey zombies
  A howler monkey skeleton (D:6)
  2 worker ant zombies
  13 adders
  A shadow imp (D:10)
  An ooze (D:2)
  2 worms (D:4)
  A dart slug (D:1)
  A leopard gecko (D:6)
  32 orcs
  15 bats
  6 giant cockroaches
  4 goblins
  5 hobgoblins
  2 jackals (D:3)
  9 kobolds
  3 quokkas
  A ball python (D:1)
  5 frilled lizards
  An orc zombie (D:8)
  A quokka skeleton (D:4)
  2 rats
224 creatures vanquished.

Vanquished Creatures (others)
  2 fungi (D:7)
2 creatures vanquished.

Grand Total: 226 creatures vanquished

Notes
Turn   | Place    | Note
-------+----------+-------------------------------------------
     0 | D:1      | vishdafish the Troll Berserker began the quest for the Orb.
     0 | D:1      | Reached XP level 1. HP: 22/22 MP: 0/0
   168 | D:1      | Reached XP level 2. HP: 29/29 MP: 1/1
   724 | D:2      | Reached XP level 3. HP: 34/36 MP: 2/2
   759 | D:2      | Reached ** piety under Trog
  1027 | D:3      | Found a shattered altar of Ashenzari.
  1093 | D:3      | Reached skill level 1 in Throwing
  1093 | D:3      | Reached skill level 4 in Unarmed Combat
  1093 | D:3      | Reached XP level 4. HP: 17/44 MP: 3/3
  1696 | D:3      | Found a glowing golden altar of the Shining One.
  1744 | D:4      | Reached XP level 5. HP: 38/53 MP: 4/4
  1788 | D:4      | Noticed vishdafish's ghost (novice TrBe)
  1817 | D:4      | Killed vishdafish's ghost
  1817 | D:4      | Reached skill level 5 in Unarmed Combat
  1817 | D:4      | Reached XP level 6. HP: 61/61 MP: 5/5
  1817 | D:4      | Reached XP level 7. HP: 67/67 MP: 6/6
  2250 | D:4      | Reached skill level 6 in Unarmed Combat
  2548 | D:5      | Entered Level 5 of the Dungeon
  2570 | D:5      | Reached skill level 1 in Evocations
  2620 | D:5      | Reached XP level 8. HP: 78/78 MP: 8/8
  4078 | D:6      | Reached skill level 5 in Fighting
  4128 | D:6      | Reached *** piety under Trog
  4128 | D:6      | Reached skill level 5 in Dodging
  4133 | D:6      | Reached XP level 9. HP: 65/88 MP: 11/11
  4136 | D:6      | Noticed a purple ugly thing
  4151 | D:6      | Killed a purple ugly thing
  5156 | D:7      | Reached skill level 5 in Evocations
  5312 | D:7      | Reached skill level 1 in Shields
  5349 | D:7      | Noticed a two-headed ogre
  5352 | D:7      | Killed a two-headed ogre
  5352 | D:7      | Reached skill level 7 in Unarmed Combat
  5435 | D:7      | Found a staircase to the Ecumenical Temple.
  5952 | D:8      | Reached **** piety under Trog
  5973 | D:8      | Reached XP level 10. HP: 83/94 MP: 12/12
  6065 | D:8      | Found a basalt altar of Yredelemnul.
  6072 | D:8      | Reached skill level 5 in Throwing
  6503 | D:8      | Noticed Grum
  6513 | D:8      | Killed Grum
  6587 | D:8      | Found a sacrificial altar of Ru.
  6588 | D:8      | Found a burning altar of Makhleb.
  6608 | D:8      | Reached skill level 8 in Unarmed Combat
  7411 | D:9      | Reached ***** piety under Trog
  7469 | D:9      | Reached skill level 5 in Shields
  7657 | D:9      | Reached skill level 9 in Unarmed Combat
  7930 | D:10     | Entered Level 10 of the Dungeon
  7930 | D:10     | Noticed ThereIsNoGod's ghost (journeyman SpVM)
  8505 | D:10     | Received a gift from Trog
  8535 | D:10     | Reached XP level 11. HP: 28/105 MP: 13/13
  8548 | D:10     | HP: 2/105 [killer bee (10)]
  8549 | D:10     | Slain by a killer bee

Vault maps used:
D:1:      dpeg_arrival_renting
D:2:      first_ration
D:3:      tso_altar, cheibrodos_ashenzari_chains
D:4:      minmay_thick_lines, minmay_misc_feat_square,
          eino_small_chamber_without_monster
D:5:      kennysheep_generic_room_5
D:6:      minmay_cornered_nines
D:7:      old_forge, temple_green
D:8:      grunt_temple_overflow_open, lemuel_mausoleum_altar_yredelemnul,
          uniq_grum
D:10:     serial_curves, eino_curves_02, eino_curves_01, eino_curves_04,
          david_nohive_1, serial_bayou_ford_a

Skill      XL: |  1  2  3  4  5  6  7  8  9 10 |
---------------+-------------------------------+-----
Throwing       | 1 3 4 6 |  6.2
Unarmed Combat | 4 5 6 7 9 |  9.2
Fighting       | 3 4 5 |  5.9
Dodging        | 3 4 5 |  5.8
Evocations     | 1 4 5 |  5.0
Shields        | 3 5 |  5.3

Action                   |  1- 3 |  4- 6 |  7- 9 | 10-12 || total
-------------------------+-------+-------+-------+-------++-------
Melee: Unarmed           |    84 |    54 |   314 |   305 ||   757
       Punch             |       |       |    10 |    13 ||    23
Throw: Throwing net      |       |       |     1 |       ||     1
Invok: Berserk           |     1 |     2 |     6 |     8 ||    17
Evoke: Wand              |       |       |     4 |    12 ||    16
  Use: Scroll            |       |       |    13 |       ||    13
       Potion            |       |       |       |     4 ||     4
 Stab: Held in net/web   |       |       |     3 |       ||     3
       Sleeping          |       |       |     2 |       ||     2
       Invisible         |       |       |       |     2 ||     2
  Eat: Chunk             |     9 |     6 |    27 |    24 ||    66
       Ration            |       |       |     5 |     5 ||    10
Armor: Animal skin       |    28 |    19 |    68 |    43 ||   158
Dodge: Dodged            |    46 |    24 |   147 |   169 ||   386

Table legend:
 A = Spawn XP
 B = Non-spawn XP
 C = Spawn XP percentage of total XP
 D = Spawn monster count
 E = Non-spawn monster count
 F = Spawn count percentage of total count
 G = Total turns spent on level
                    A         B        C        D         E        F      G
               +---------+---------+-------+---------+---------+-------+---------
         Total |       0 |   11290 |   0.0 |       0 |     224 |   0.0 |  8549
               +---------+---------+-------+---------+---------+-------+---------
           D:1 |       0 |      39 |   0.0 |       0 |      22 |   0.0 |   616
           D:2 |       0 |      23 |   0.0 |       0 |       4 |   0.0 |   390
           D:3 |       0 |      93 |   0.0 |       0 |      16 |   0.0 |   729
           D:4 |       0 |    1033 |   0.0 |       0 |      26 |   0.0 |   813
           D:5 |       0 |     950 |   0.0 |       0 |      18 |   0.0 |  1259
           D:6 |       0 |    1307 |   0.0 |       0 |      21 |   0.0 |  1102
           D:7 |       0 |    1912 |   0.0 |       0 |      34 |   0.0 |  1028
           D:8 |       0 |    1984 |   0.0 |       0 |      35 |   0.0 |   967
           D:9 |       0 |    2436 |   0.0 |       0 |      28 |   0.0 |  1273
          D:10 |       0 |    1513 |   0.0 |       0 |      20 |   0.0 |   372
               +---------+---------+-------+---------+---------+-------+---------
